Map: Frost LE

Players

Miszu

  • Race: Protoss Protoss
  • League: Master

BonkerZ - Winner!

  • Race: Terran Terran
  • League: Master

VOD

Have the link to the VOD?

Description

Time

  • Played on: June 27, 2016, 1:56 p.m.
  • Length: 12:28
Show
View Real Time Build Order
Export as new Build Order

Miszu Protoss 

Build Orders: 1 Gate Expand, Blink Stalkers 

Get SALT Encoding   

  12  0:01  Probe (Chrono Boost)  
  13  0:11  Probe (Chrono Boost)  
  14  0:17  Pylon  
  14  0:23  Probe (Chrono Boost)  
  15  0:35  Probe (Chrono Boost)  
  16  0:38  Gateway  
  16  0:45  Probe (Chrono Boost)  
  17  0:54  Assimilator  
  17  1:12  Nexus  
  17  1:19  Probe (Chrono Boost)  
  18  1:28  Cybernetics Core  
  19  1:32  Probe (Chrono Boost)  
  19  1:40  Assimilator  
  19  1:43  Probe (Chrono Boost)  
  20  1:50  Pylon  
  20  1:56  Probe (Chrono Boost)  
  21  2:04  Stalker (Chrono Boost)  
  23  2:15  Mothership Core  
  24  2:22  Warp Gate  
  24  2:23  Probe  
  25  2:33  Probe  
  25  2:35  Stalker (Chrono Boost)  
  25  2:36  Probe  
  28  2:44  Probe  
  28  2:48  Probe  
  30  2:52  Twilight Council  
  30  2:57  Probe  
  30  3:00  Probe  
  32  3:07  Probe  
  32  3:12  Probe  
  34  3:18  Stalker (Chrono Boost), Probe  
  37  3:24  Probe  
  37  3:25  Blink (Chrono Boost)  
  38  3:27  Pylon  
  38  3:32  Probe  
  39  3:40  Probe  
  40  3:43  Probe  
  41  3:49  Robotics Facility  
  41  3:52  Probe  
  41  3:53  Probe  
  43  4:04  Pylon, Probe x2  
  45  4:14  Probe  
  45  4:15  Gateway  
  45  4:16  Probe  
  47  4:17  Gateway  
  47  4:23  Pylon  
  47  4:25  Probe  
  47  4:29  Assimilator  
  47  4:30  Probe  
  49  4:31  Assimilator  
  49  4:32  Sentry  
  49  4:37  Observer (Chrono Boost)  
  52  4:39  Probe  
  52  4:45  Pylon  
  53  4:56  Observer (Chrono Boost)  
  54  5:05  Probe x2  
  54  5:07  Resonating Glaives  
  57  5:14  Observer (Chrono Boost)  
  57  5:17  Probe  
  58  5:21  Stalker x3  
  58  5:27  Nexus  
  58  5:28  Pylon  
  64  5:31  Probe  
  65  5:38  Observer (Chrono Boost)  
  65  5:39  Probe  
  67  5:43  Probe  
  67  5:45  Adept x3  
  74  5:51  Probe  
  75  6:01  Immortal (Chrono Boost)  
  79  6:13  Adept x3  
  79  6:16  Probe  
  79  6:17  Probe  
  86  6:32  Gateway  
  86  6:34  Gateway  
  86  6:37  Gateway  
  86  6:38  Pylon x2, Probe x2  
  86  6:39  Immortal (Chrono Boost)  
  92  6:50  Probe  
  92  6:53  Charge  
  93  7:04  Adept x3  
  99  7:11  Forge x2, Probe  
  99  7:12  Probe  
  99  7:13  Probe  
  99  7:14  Pylon  
  99  7:15  Pylon  
  102  7:25  Immortal (Chrono Boost), Probe x2  
  108  7:30  Adept x3  
  108  7:34  Adept x2  
  116  7:41  Adept  
  118  7:46  Gateway  
  118  7:51  Adept x3  
  118  7:55  Adept x2  
  128  7:58  Protoss Ground Armor Level 1 (Chrono Boost)  
  128  7:59  Protoss Ground Weapons Level 1 (Chrono Boost)  
  118  8:18  Adept x4  
  118  8:19  Adept x2  
  128  8:41  Adept x5  
  88  8:51  Stalker  
  88  8:53  Probe  
  88  8:54  Probe x2  
  89  9:02  Stalker x4  
  97  9:06  Probe  
  97  9:08  Templar Archives  
  99  9:12  Probe  
  99  9:16  Immortal (Chrono Boost)  
  99  9:17  Adept x2, Stalker  
  109  9:27  Adept, Stalker  
  113  9:34  Adept x2  
  117  9:46  Adept x3  
  121  9:54  Adept x2  
  90  10:24  Adept x2  
  90  10:25  Adept x3  
  82  10:34  Probe x3  
  85  10:38  High Templar x2  
  89  10:45  High Templar, Archon  
  89  10:46  High Templar x3, Probe x3  
  89  10:48  Zealot  
  102  10:52  Archon x2  
  102  10:53  Immortal  
  102  10:58  Probe  
  107  11:08  Zealot  
  107  11:10  Zealot x2  
  113  11:13  Nexus  
  113  11:15  Pylon  
  113  11:18  Zealot  
  113  11:19  Zealot  
  117  11:27  Pylon  
  117  11:30  Pylon  
  117  11:33  Gateway  
  117  11:36  Gateway  
  117  11:45  Zealot x3  
  117  11:46  Stalker  
  125  11:47  High Templar  
  125  11:48  High Templar  
  125  11:49  Warp Prism  
  125  11:53  Archon  
  131  11:59  Zealot  
  130  12:10  Zealot x4  
Show
View Real Time Build Order
Export as new Build Order

BonkerZ Terran - Winner!

Build Orders: Reaper Expand, MMM Bio 

Get SALT Encoding   

  12  0:00  SCV  
  13  0:12  SCV  
  14  0:17  Supply Depot  
  14  0:25  SCV  
  15  0:39  SCV  
  15  0:40  Barracks  
  16  0:46  Refinery  
  16  0:51  SCV  
  17  1:03  SCV  
  18  1:16  SCV  
  19  1:30  Orbital Command  
  19  1:31  Reaper  
  20  1:47  Command Center  
  20  1:57  SCV  
  21  2:02  Supply Depot  
  21  2:03  Barracks Reactor  
  21  2:10  SCV  
  22  2:19  Bunker  
  22  2:22  SCV  
  23  2:25  Factory  
  23  2:34  SCV  
  24  2:45  Marine x2  
  24  2:46  SCV  
  24  2:50  Refinery  
  26  2:58  SCV, Orbital Command  
  27  3:03  Marine x2  
  29  3:09  Starport  
  29  3:10  SCV  
  29  3:11  Widow Mine  
  32  3:22  SCV  
  32  3:23  Marine x2  
  32  3:24  SCV  
  36  3:34  Supply Depot, SCV  
  36  3:36  SCV  
  36  3:39  Widow Mine  
  36  3:41  Marine x2  
  41  3:46  Medivac  
  44  3:49  SCV x2  
  46  4:00  Refinery  
  46  4:01  SCV  
  47  4:03  SCV  
  47  4:04  Engineering Bay  
  47  4:07  Marine x2  
  47  4:08  Supply Depot  
  50  4:13  Factory Tech Lab, SCV  
  50  4:15  SCV  
  52  4:20  Starport Tech Lab  
  52  4:25  SCV  
  52  4:27  SCV  
  52  4:29  Marine x2  
  52  4:30  Supply Depot  
  56  4:35  Siege Tank  
  56  4:38  Raven  
  59  4:39  SCV  
  62  4:45  Barracks  
  62  4:47  Barracks  
  62  4:52  SCV x2  
  64  4:56  Marine x2  
  62  5:02  Supply Depot x2  
  62  5:04  SCV x2  
  64  5:09  Siege Tank  
  64  5:13  Marine  
  68  5:15  Terran Infantry Weapons Level 1  
  68  5:16  SCV x2  
  70  5:28  SCV x2  
  72  5:31  Starport Reactor  
  72  5:35  Supply Depot  
  72  5:38  Marine x2  
  72  5:40  SCV x2  
  76  5:47  Marauder, Stimpack  
  78  5:51  Factory Tech Lab  
  78  5:53  Marine  
  78  5:54  SCV  
  80  5:57  Supply Depot x2  
  80  6:04  Marine x2, SCV  
  83  6:17  Marauder  
  83  6:18  Medivac x2, Marauder  
  91  6:19  Siege Tank  
  91  6:20  SCV x2  
  96  6:26  Marine x2  
  96  6:27  Barracks  
  96  6:28  Barracks  
  96  6:32  SCV  
  99  6:36  SCV  
  100  6:40  Supply Depot, Marauder x2, Combat Shields  
  100  6:41  Supply Depot  
  104  6:53  Siege Tank  
  106  6:55  Marine x2  
  106  6:56  Liberator  
  108  7:04  Marine x2  
  110  7:12  Supply Depot, Marine  
  110  7:13  Marine, Command Center  
  110  7:14  Refinery  
  115  7:17  Marine x2  
  117  7:25  Marine x2  
  119  7:30  Marine, Missile Turret  
  119  7:36  Barracks Reactor, Barracks Tech Lab  
  120  7:41  Marine  
  120  7:43  Marauder x2  
  125  7:48  Marine  
  125  7:49  Siege Tank  
  129  7:55  Barracks Tech Lab  
  129  7:56  Medivac  
  131  7:59  Marine  
  131  8:04  Marine  
  129  8:14  Marine x3  
  129  8:15  Marauder  
  132  8:23  Marauder  
  132  8:24  Marine x2  
  132  8:25  Orbital Command  
  136  8:28  Siege Tank  
  136  8:32  Marine x3  
  142  8:39  Liberator x2, Orbital Command  
  104  8:52  Marine x2  
  104  8:53  Marine x2, Marauder x2  
  104  8:54  Marauder  
  111  8:56  SCV x2  
  119  9:04  Terran Infantry Armor Level 1  
  119  9:08  SCV  
  119  9:09  SCV  
  121  9:12  Marine x4  
  125  9:20  Supply Depot  
  125  9:22  Supply Depot, SCV x3  
  128  9:26  Marauder x2  
  128  9:27  Marauder  
  128  9:30  Marine x2, Barracks  
  136  9:36  Marine x2  
  138  9:47  Marine  
  138  9:48  Marauder x2  
  141  9:58  Marine x4  
  144  10:06  Marauder  
  146  10:09  Marauder x2  
  150  10:16  Marine x4  
  150  10:17  Liberator x2  
  137  10:27  Marine  
  119  10:30  Marauder  
  119  10:31  Marauder  
  119  10:34  Marine x4  
  121  10:41  Barracks  
  121  10:43  Barracks  
  121  10:44  Starport  
  121  10:45  Marauder  
  121  10:46  Armory  
  121  10:47  Engineering Bay  
  121  10:49  Refinery x2  
  123  10:51  Marine x2  
  123  10:52  Marine, Marauder  
  123  10:56  Marine x2, Command Center  
  130  11:00  Liberator x2  
  130  11:01  Supply Depot  
  130  11:06  Marauder  
  130  11:09  Marine  
  130  11:10  Marine, Marauder  
  136  11:13  Marauder  
  136  11:14  Marine  
  145  11:20  Marine  
  146  11:28  Marauder  
  146  11:30  Marine x2  
  146  11:31  Marauder  
  152  11:38  Marine x2  
  154  11:53  Marine x3  
Tags
 
Add a new tag
Caveats
  • Supply blocks, unpowered buildings, or Contaminate may cause inaccurate times.
  • Supply counts are checked every 10 seconds.